 Dungeon Crawl Stone Soup version 0.30.0-18-gc0e69614cb (webtiles) character file.

Game seed: 11291910314301727805

564 growler the Martial Artist (level 7, -4/72 HPs)
             Began as a Merfolk Transmuter on May 24, 2023.
             Slain by Duvessa
             ... wielding a +0 rapier
              (17 damage)
             ... on level 4 of the Dungeon.
             The game lasted 00:12:07 (4429 turns).

growler the Martial Artist (Merfolk Transmuter)     Turns: 4429, Time: 00:12:07

Health: -4/72      AC: 23    Str: 10    XL:     7   Next: 32%
Magic:  11/11      EV:  2    Int: 14    God:
Gold:   263        SH:  0    Dex: 15    Spells: 2/12 levels left

rFire   . .          .
                       - Unarmed
rCold   . . .        (no shield)
rNeg    . . .        a - melded +0 robe
rPois   +            k - melded +0 helmet
rElec   .            (cloak currently unavailable)
rCorr   .            (gloves currently unavailable)
SInv    .            (boots currently unavailable)
Will    .....        j - amulet of magic regeneration
Stlth   +            (no ring)
HPRegen 0.32/turn    (no ring)
MPRegen 0.52/turn

%: no passive effects
@: tree-form
A: stationary, stasis, torment immunity, boosted hp, (nimble swimmer 2),
(mertail)
a: no special abilities


You were on level 4 of the Dungeon.
You were a tree.
You visited 1 branch of the dungeon, and saw 4 of its levels.

You collected 263 gold pieces.

Inventory:

Armour
 a - a +0 robe (melded)
 k - a +0 helmet (melded)
Jewellery
 j - an amulet of magic regeneration (around neck)
 y - a +6 ring of intelligence
Scrolls
 c - a scroll of poison
 e - a scroll of fog {unknown}
 g - a scroll of teleportation {unknown}
 i - a scroll of noise {unknown}
 m - a scroll of vulnerability
 q - a scroll of immolation {unknown}
 t - 2 scrolls of magic mapping {unknown}
 v - a scroll of identify
 w - a scroll of amnesia {unknown}
Potions
 b - 2 potions of lignification
 d - 4 potions of haste {unknown}
 f - 2 potions of brilliance {unknown}
 h - a potion of berserk rage
 l - a potion of attraction
 n - a potion of heal wounds
 o - a potion of mutation
 p - 2 potions of cancellation
 r - 2 potions of flight {unknown}
 s - 2 potions of might {unknown}
 u - a potion of magic
 x - 2 potions of degeneration {unknown}


   Skills:
 - Level 1.1 Fighting
 - Level 2.6 Dodging
 + Level 8.2 Unarmed Combat
 - Level 3.0 Spellcasting
 - Level 4.0 Transmutations


You had 2 spell levels left.
You knew the following spells:

 Your Spells              Type           Power      Damage    Failure   Level
a - Beastly Appendage     Tmut           26%        N/A       4%          1
b - Wereblood             Tmut           13%        N/A       6%          2
c - Spider Form           Tmut/Pois      7%         N/A       28%         3
d - Ice Form              Ice/Tmut       7%         N/A       67%         4

Your spell library contained the following spells:

 Spells                   Type           Power      Damage    Failure   Level
 Passwall                 Tmut/Erth      5%         N/A       14%         2
 Ensorcelled Hibernation  Hex/Ice        4%         N/A       32%         2
 Lesser Beckoning         Tloc           4%         N/A       32%         2
 Ignite Poison            Fire/Tmut/Pois 5%         N/A       36%         3
 Gell's Gravitas          Tloc           2%         N/A       54%         3
 Swiftness                Air            2%         N/A       54%         3
 Teleport Other           Tloc           2%         N/A       54%         3
 Sticky Flame             Conj/Fire      2%         2d3       91%         4
 Ignition                 Fire           1%         3d3       100%        8


Dungeon Overview and Level Annotations

Branches:
Dungeon (4/15)
 Temple: D:4-7

Altars:
Vehumet
Yredelemnul

Annotations:
D:3 1 runed translucent door
D:4 1 runed translucent door, Crazy Yiuf, Duvessa


Innate Abilities, Weirdness & Mutations

You are a tree.
Your roots penetrate the ground, keeping you stationary.
You cannot be teleported.
You are immune to unholy pain and torment.
Your maximum health is greatly increased.
Your equipment is partially melded.
((You are very nimble when in or above water. (Stealth+, EV+, Speed+++)))
((Your lower body shifts to a powerful aquatic tail in water.))


Message History

You smack the ogre!
The ogre is heavily wounded.
You feel sick.
You smack the ogre!
You kill the ogre!
You feel sick.
Your Unarmed Combat skill increases to level 8!
You start resting.
You feel sick.
You are no longer poisoned.
You start resting.
Magic restored.
You start resting.
Your magical contamination has completely faded away.
You start resting.
Your transformation is almost over.
Duvessa is nearby!
Duvessa goes berserk!
Duvessa hits you but does no damage.
You hit Duvessa but do no damage.
You feel less wooden.
Your +0 helmet unmelds from your body.
Your +0 robe unmelds from your body.
Duvessa hits you with a +0 rapier.
Really quaff the potion of lignification?
You turn into a tree.
Your +0 helmet melds into your body.
Your +0 robe melds into your body.
Your roots penetrate the ground.
Duvessa hits you but does no damage.
You hit Duvessa but do no damage. Duvessa hits you with a +0 rapier!
Duvessa hits you but does no damage.
You hit Duvessa.
Duvessa is lightly wounded.
Duvessa hits you but does no damage.
You hit Duvessa but do no damage.
Duvessa is lightly wounded.
Duvessa hits you but does no damage.
You hit Duvessa.
Duvessa is lightly wounded.
Duvessa hits you with a +0 rapier!
* * * LOW HITPOINT WARNING * * *
Duvessa hits you with a +0 rapier!
You die...

######.##...<.....# #.......
...........#......######.##.##.
######..#.............#†##.##.
##.#############.#.##.##.
####)#########.....#.##.##.
#..........#....####.##.##<
#.....)....#....# #.##....
#.......).......# #.####..
#.......)e♣.....# #.##....
#.###....####...# #.##.##. ###
##..## #...# #....#.. ♣.♣.P♣
#...#########.# ♣...♣♣
##'##.......... ♣♣.♣♣
#..##.#####.... ♣.♣♣
##....#........ ♣♣.♣
##......####... ♣.♣♣ #...>..##
#....


You could see Duvessa (berserk).

Vanquished Creatures
  An ogre (D:4)
  Blork the orc (D:4)
  Dowan (D:4)
  An orc priest (D:3)
  A hound (D:4)
  A human zombie (D:3)
  Jessica (D:2)
  2 iguanas
  Robin (D:2)
  4 gnolls (D:2)
  5 adders
  2 ufetubi (D:4)
  2 worms
  A dart slug (D:1)
  10 orcs
  9 bats
  8 endoplasms
  9 goblins
  5 hobgoblins
  6 jackals (D:1)
  9 kobolds
  2 quokkas
  A ball python (D:1)
  2 frilled lizards
  A goblin zombie (D:3)
  4 rats
90 creatures vanquished.

Notes
Turn   | Place    | Note
-------+----------+-------------------------------------------
     0 | D:1      | growler the Merfolk Transmuter began the quest for the Orb.
     0 | D:1      | Reached XP level 1. HP: 15/15 MP: 3/3
   131 | D:1      | Reached XP level 2. HP: 17/21 MP: 5/5
   134 | D:1      | Learned a level 2 spell: Wereblood
   292 | D:1      | Found a faded altar of an unknown god.
   376 | D:1      | Reached XP level 3. HP: 26/26 MP: 4/6
   380 | D:1      | Learned a level 3 spell: Spider Form
   973 | D:2      | Reached skill level 4 in Unarmed Combat
   973 | D:2      | Reached XP level 4. HP: 26/32 MP: 3/8
  1638 | D:2      | Noticed Jessica
  1638 | D:2      | Noticed Robin
  1653 | D:2      | Killed Robin
  1654 | D:2      | Reached XP level 5. HP: 19/37 MP: 6/9
  1656 | D:2      | Killed Jessica
  1657 | D:2      | Reached skill level 5 in Unarmed Combat
  1670 | D:2      | Learned a level 4 spell: Ice Form
  2069 | D:3      | Found a runed translucent door.
  2070 | D:3      | Noticed a human
  2232 | D:3      | Found a radiant altar of Vehumet.
  2453 | D:3      | Reached skill level 6 in Unarmed Combat
  2453 | D:3      | Reached XP level 6. HP: 38/43 MP: 5/10
  2586 | D:3      | Found a basalt altar of Yredelemnul.
  3526 | D:4      | Reached skill level 7 in Unarmed Combat
  3616 | D:4      | Noticed Duvessa
  3619 | D:4      | Noticed Dowan
  3735 | D:4      | Found a runed translucent door.
  3736 | D:4      | Noticed Crazy Yiuf
  4090 | D:4      | Killed Dowan
  4136 | D:4      | Noticed Blork the orc
  4151 | D:4      | Killed Blork the orc
  4152 | D:4      | Reached XP level 7. HP: 21/48 MP: 11/11
  4374 | D:4      | Reached skill level 8 in Unarmed Combat
  4429 | D:4      | Slain by Duvessa

Illustrated notes

Levels and vault maps discovered:
D:1:      dpeg_arrival_three_same_balls, layout_rooms,
          shapermc_ecumenical_altar_gd, minivault_19
D:2:      layout_basic, minmay_heptomino_o4, uniq_jessica, uniq_robin
D:3:      layout_basic, old_standard_altar, dk_yredelemnul_ordeal
D:4:      layout_basic, hangedman_decor_lopped, uniq_blork_the_orc,
          uniq_crazy_yiuf_cottage, uniq_duvessa

Skill      XL: |  1  2  3  4  5  6  7 |
---------------+----------------------+-----
Transmutations | 3 4 |  4.0
Unarmed Combat | 4 6 7 8 |  8.2
Spellcasting   | 3 |  3.0
Fighting       | |  1.1
Dodging        | |  2.6

Action                     |  1- 3 |  4- 6 |  7- 9 || total
---------------------------+-------+-------+-------++-------
  Melee: Unarmed           |    99 |   192 |     7 ||   298
         Headbutt          |    13 |    17 |       ||    30
         Punch             |     2 |     8 |       ||    10
   Cast: Beastly Appendage |    14 |    20 |       ||    34
         Wereblood         |     1 |     4 |       ||     5
         Spider Form       |     1 |     7 |       ||     8
    Use: Scroll            |       |     8 |       ||     8
         Potion            |       |       |     2 ||     2
   Stab: Sleeping          |       |     2 |       ||     2
 Armour: Robe              |    18 |    17 |       ||    35
         Skin              |       |       |     5 ||     5
  Dodge: Dodged            |    67 |   111 |       ||   178
